[Event "Titled Tuesday Blitz March 08 Late 2022"]
[White "Ozates, Tuna"]
[Black "Baker, Chris W"]
[WhiteFideId "6354521"]
[BlackFideId "401676"]
[WhiteElo "1887"]
[BlackElo "2268"]
[Result "1-0"]
[Round "07"]
[TimeControl "180+1"]
[Date "2022.03.09"]
[WhiteClock "0:02:23"]
[BlackClock "0:01:33"]

1. Nf3 e6 2. c4 f5 3. Nc3 Nf6 4. d3 Be7 5. e4 d6 6. e5 Ng4 7. exd6 cxd6 8. h3 Nf6 9. d4 O-O 10. Bd3 Nc6 11. d5 Ne5 12. O-O Nxd3 13. Qxd3 e5 14. Ng5 a6 15. f4 e4 16. Qd4 Qe8 17. Be3 h6 18. Ne6 Bxe6 19. dxe6 Rc8 20. Nd5 Nxd5 21. cxd5 Qb5 22. Rac1 Bf6 23. Qd2 Qxb2 24. Qxb2 Bxb2 25. Rb1 Rc2 26. Rf2 Rfc8 27. Rxb2 1-0


[Site "https://www.chess.com"]

[Event "Titled Tuesday Blitz March 08 Late 2022"]
[White "P., Komal Kishore"]
[Black "Bibasa, Bob"]
[WhiteFideId "5016703"]
[BlackFideId "10000240"]
[WhiteElo "2158"]
[BlackElo "2056"]
[Result "0-1"]
[Round "07"]
[TimeControl "180+1"]
[Date "2022.03.09"]
[WhiteClock "0:00:01"]
[BlackClock "0:01:17"]

1. e4 c5 2. Nf3 d6 3. Bb5+ Nd7 4. c3 g6 5. d4 cxd4 6. cxd4 Nf6 7. Nc3 a6 8. Bd3 Qc7 9. O-O Bg7 10. Re1 O-O 11. e5 Ne8 12. e6 fxe6 13. Ng5 Ndf6 14. Nxe6 Bxe6 15. Rxe6 Qd7 16. Qe2 Rf7 17. Bc4 d5 18. Bb3 Nc7 19. Re3 Raf8 20. h3 Nh5 21. Rd3 Nf4 22. Bxf4 Rxf4 23. Rad1 e6 24. f3 b5 25. a3 a5 26. Qe3 b4 27. axb4 axb4 28. Ne2 R4f7 29. f4 Nb5 30. g4 Nd6 31. Kg2 Ne4 32. Ng1 Rxf4 33. Ne2 Rf2+ 34. Kg1 Qd6 0-1


[Site "https://www.chess.com"]

[Event "Titled Tuesday Blitz March 08 Late 2022"]
[White "Paravyan, David"]
[Black "Maksimovic, Bojan"]
[WhiteFideId "4194985"]
[BlackFideId "14408120"]
[WhiteElo "2569"]
[BlackElo "2448"]
[Result "1-0"]
[Round "07"]
[TimeControl "180+1"]
[Date "2022.03.08"]
[WhiteClock "0:00:16"]
[BlackClock "0:00:03"]

1. e3 e5 2. d4 e4 3. c4 f5 4. Nc3 Nf6 5. Nh3 g6 6. Be2 Bg7 7. Nf4 Nc6 8. h4 Ne7 9. h5 O-O 10. Qb3 d6 11. Bd2 c6 12. Qa3 g5 13. h6 Bh8 14. Nh3 g4 15. Nf4 Ng6 16. Nh5 Nxh5 17. Rxh5 Qe7 18. O-O-O Be6 19. Kb1 c5 20. Nd5 Bxd5 21. cxd5 b6 22. Bc3 Rac8 23. Rhh1 cxd4 24. Bxd4 Bxd4 25. Rxd4 Rc5 26. Rc4 Rfc8 27. Qa6 Rxc4 28. Bxc4 Qc7 29. Bb3 Ne5 30. a3 Nd3 31. f3 Nc5 32. Qc4 Nd3 33. Qd4 Qe7 34. fxe4 fxe4 35. Rh4 Qe5 36. Rxg4+ Kh8 37. Qxe5+ Nxe5 38. Rg7 Rf8 39. Rxa7 Ng4 40. Bc2 Nxh6 41. Bxe4 Nf7 42. a4 Kg7 43. Rb7 Re8 44. Bf5 Kf6 45. Be6 Ne5 46. Rxb6 Nc4 47. Rc6 Nxe3 48. Rxd6 Ke5 49. Rb6 Nc4 50. Rb4 Nd6 51. a5 Ra8 52. Ra4 Nb7 53. b4 Kd4 54. a6 Nd6 55. Bd7 Kc4 56. Kc2 Ra7 57. Bc6 Nf5 58. b5+ Kc5 59. Kc3 Nd6 60. Kb3 h5 61. Rb4 Kb6 62. Rf4 Rg7 63. Rf6 Ne4 64. Re6 Nc5+ 65. Kc4 Nxe6 66. dxe6 Re7 67. Kd5 Rg7 68. Kd6 Rg6 69. Kd7 h4 70. e7 Rg7 71. Kd8 h3 72. gxh3 Rg8+ 73. e8=Q Rg3 74. Kc8 Rc3 75. Kb8 Kc5 76. Qe5+ Kb4 77. Qxc3+ Ka4 1-0


[Site "https://www.chess.com"]

[Event "Titled Tuesday Blitz March 08 Late 2022"]
[White "Pavlidou, Ekaterini"]
[Black "Munoz, Francisco Javier"]
[WhiteFideId "4213262"]
[BlackFideId "128368"]
[WhiteElo "2127"]
[BlackElo "2383"]
[Result "1-0"]
[Round "07"]
[TimeControl "180+1"]
[Date "2022.03.09"]
[WhiteClock "0:00:57"]
[BlackClock "0:00:05"]

1. d4 Nf6 2. c4 e6 3. Nc3 d5 4. cxd5 exd5 5. Bg5 c6 6. e3 Nbd7 7. Bd3 Be7 8. Nf3 O-O 9. Qc2 Re8 10. O-O Nf8 11. Ne5 N6d7 12. Bxe7 Qxe7 13. f4 f6 14. Ng4 h5 15. Nf2 Qxe3 16. Rae1 Qxe1 17. Rxe1 Rxe1+ 18. Bf1 Nb6 19. Nd3 Re7 20. Nc5 Nbd7 21. Qd1 Nxc5 22. dxc5 h4 23. Qh5 h3 24. g4 Bd7 25. f5 Rae8 26. Qxh3 Re1 27. Qg2 Ra1 28. Ne2 Rxa2 29. Nf4 Ra1 30. Nd3 Re3 31. Kf2 Re4 32. Be2 Be8 33. h4 Raa4 34. g5 Rxh4 35. gxf6 g6 36. Ne5 Raf4+ 37. Bf3 Rxf5 38. Ng4 Bf7 39. Qg3 Rhh5 40. Kg2 Rhg5 41. Nh6+ Kh7 42. Bg4 Rxf6 43. Qh4 Ne6 44. Nxf7+ Kg7 45. Nxg5 Nxg5 46. Qxg5 1-0


[Site "https://www.chess.com"]

[Event "Titled Tuesday Blitz March 08 Late 2022"]
[White "Petrova, Irina"]
[Black "Silva, Miguel Antonio Neto"]
[WhiteFideId "14124122"]
[BlackFideId "1911929"]
[WhiteElo "1993"]
[BlackElo "2204"]
[Result "1-0"]
[Round "07"]
[TimeControl "180+1"]
[Date "2022.03.09"]
[WhiteClock "0:01:35"]
[BlackClock "0:00:58"]

1. e4 c5 2. Nf3 d6 3. Bb5+ Nd7 4. O-O Nf6 5. Re1 e6 6. c3 a6 7. Bf1 Be7 8. d4 cxd4 9. cxd4 O-O 10. Nc3 b5 11. e5 Nd5 12. Nxd5 exd5 13. Bf4 dxe5 14. Nxe5 Nxe5 15. Bxe5 Bf6 16. Bd3 Be6 17. Qh5 g6 18. Qh6 Bxe5 19. Rxe5 Qf6 20. Rae1 Rfe8 21. h3 Bd7 22. Rxe8+ Rxe8 23. Rxe8+ Bxe8 24. Qe3 Kf8 25. Qe5 Qxe5 26. dxe5 f6 27. exf6 Kf7 28. f4 Kxf6 29. Kf2 d4 30. Be4 Bf7 31. b3 a5 32. Ke2 a4 33. bxa4 bxa4 34. a3 Bc4+ 35. Bd3 Bd5 36. g3 h6 37. Bb5 g5 38. fxg5+ hxg5 39. Bxa4 Ke5 40. Bd7 Ke4 41. a4 Bc4+ 42. Kd2 Kf3 43. h4 g4 44. h5 Kxg3 45. h6 Bg8 46. a5 Kf4 47. a6 Kg5 48. a7 1-0


[Site "https://www.chess.com"]

[Event "Titled Tuesday Blitz March 08 Late 2022"]
[White "Petrovic, Aleksa"]
[Black "Szpar, Milosz"]
[WhiteFideId "967629"]
[BlackFideId "1184989"]
[WhiteElo "2245"]
[BlackElo "2447"]
[Result "0-1"]
[Round "07"]
[TimeControl "180+1"]
[Date "2022.03.09"]
[WhiteClock "0:00:04"]
[BlackClock "0:01:46"]

1. d4 Nf6 2. Nf3 g6 3. g3 Bg7 4. Bg2 O-O 5. O-O c5 6. c4 cxd4 7. Nxd4 Nc6 8. Nc2 d6 9. Nc3 Bg4 10. h3 Be6 11. Nd5 Rc8 12. Be3 Ne5 13. b3 b6 14. f4 Ned7 15. Ndb4 Nc5 16. Nd4 Qd7 17. g4 Bxg4 18. hxg4 Nxg4 19. Bf2 h5 20. Bc6 Qd8 21. Bf3 e5 22. Ndc6 Qd7 23. fxe5 Nxe5 24. Nxe5 Bxe5 25. Bg2 Qg4 26. e3 Qg5 27. Rc1 h4 28. Qf3 f5 29. Qh3 Kg7 30. Bxh4 Qh6 31. Bf2 Qg5 32. Qh4 Qxh4 33. Bxh4 Rh8 34. Bg5 a5 35. Nc6 Bh2+ 36. Kf2 Nd3+ 37. Ke2 Nxc1+ 38. Rxc1 Rh5 39. Bf4 Bxf4 40. exf4 Re8+ 41. Kf3 Rh4 42. Nd4 Re4 43. Ne2 Rg4 44. Rd1 Rxe2 45. Kxe2 Rxg2+ 46. Kf3 Rxa2 47. Rxd6 Ra3 48. Rxb6 a4 49. Rb7+ Kf6 50. Rb6+ Ke7 51. Rxg6 Rxb3+ 52. Kf2 Rb4 53. c5 Rxf4+ 54. Ke3 Rc4 55. Ra6 Kd7 56. Kf3 Kc7 57. Ke3 Kb7 58. Rf6 Rxc5 59. Kd4 Ra5 60. Re6 a3 61. Re1 a2 62. Ra1 Kc6 63. Ke3 Kd5 64. Kd3 f4 65. Ke2 Kc4 66. Kf3 Kb3 0-1


[Site "https://www.chess.com"]

[Event "Titled Tuesday Blitz March 08 Late 2022"]
[White "Piesik, Piotr"]
[Black "Martinez Reyes, Pedro Ramon"]
[WhiteFideId "1136194"]
[BlackFideId "3901807"]
[WhiteElo "2190"]
[BlackElo "2410"]
[Result "1-0"]
[Round "07"]
[TimeControl "180+1"]
[Date "2022.03.09"]
[WhiteClock "0:02:12"]
[BlackClock "0:02:31"]

1. Nf3 f5 2. d3 e6 3. e4 Nf6 4. e5 Nd5 5. c4 Nb6 6. d4 d6 7. Bg5 Be7 8. Bxe7 Qxe7 9. Nc3 O-O 10. Be2 dxe5 11. Nxe5 N8d7 12. Nf3 c5 13. O-O cxd4 14. Nxd4 e5 15. Ndb5 Nf6 16. Qd6 Qxd6 17. Nxd6 Rb8 18. c5 Nbd7 19. Bc4+ Kh8 20. Nf7+ Rxf7 21. Bxf7 Nxc5 22. Rad1 e4 23. Rd8+ 1-0


[Site "https://www.chess.com"]

[Event "Titled Tuesday Blitz March 08 Late 2022"]
[White "Pinheiro, Iung Alicio de O."]
[Black "Xu, Yi"]
[WhiteFideId "2104350"]
[BlackFideId "8605564"]
[WhiteElo "2621"]
[BlackElo "2471"]
[Result "0-1"]
[Round "07"]
[TimeControl "180+1"]
[Date "2022.03.08"]
[WhiteClock "0:00:06"]
[BlackClock "0:00:29"]

1. c4 Nf6 2. g3 e6 3. Bg2 d5 4. Nf3 Be7 5. O-O O-O 6. d4 dxc4 7. Qc2 a6 8. a4 Bd7 9. Rd1 Bc6 10. Nc3 Bxf3 11. Bxf3 Nc6 12. Bxc6 bxc6 13. a5 Rb8 14. Na4 Qd5 15. Bd2 Rfd8 16. Rac1 Qh5 17. Be1 Ng4 18. h4 g5 19. Qe4 gxh4 20. f3 Nh6 21. g4 Qd5 22. Nc3 Qxe4 23. Nxe4 f5 24. gxf5 Nxf5 25. Bf2 Rxb2 26. Kf1 c5 27. dxc5 Rxd1+ 28. Rxd1 h3 29. Ng3 c3 30. Nxf5 exf5 31. Rc1 c2 32. Be3 Rb1 33. Kf2 Bxc5 34. Rxc2 Bxe3+ 35. Kxe3 h2 0-1


[Site "https://www.chess.com"]

[Event "Titled Tuesday Blitz March 08 Late 2022"]
[White "Pourramezanali, Amirreza"]
[Black "Romero Ruscalleda, Josep"]
[WhiteFideId "12511412"]
[BlackFideId "2231859"]
[WhiteElo "2376"]
[BlackElo "2318"]
[Result "0-1"]
[Round "07"]
[TimeControl "180+1"]
[Date "2022.03.09"]
[WhiteClock "0:01:38"]
[BlackClock "0:00:17"]

1. d4 g6 2. e4 Bg7 3. Nc3 d6 4. Nf3 a6 5. Be2 b5 6. O-O Bb7 7. Re1 Nf6 8. e5 dxe5 9. dxe5 Qxd1 10. Bxd1 Nfd7 11. e6 fxe6 12. Ng5 Nf8 13. Bg4 Nc6 14. Be3 Ne5 15. Bd4 Nxg4 16. Bxg7 Rg8 17. Bxf8 Rxf8 18. Nxe6 Rxf2 19. Re2 Rxe2 20. Nxe2 Kf7 21. N2d4 Ne3 22. Re1 Nxg2 23. Rf1+ Kg8 24. Nxc7 Rc8 25. Nce6 Ne3 26. Rf2 Bd5 27. c3 Nf5 28. Re2 Nxd4 29. Nxd4 Kf7 30. a3 Re8 31. Rf2+ Kg7 32. Nc2 e5 33. Rd2 Bb3 34. Ne3 Re6 35. Rd7+ Kh6 36. Kf2 Rf6+ 37. Kg3 Rf4 38. Ng4+ Rxg4+ 39. Kf3 Rh4 40. Kg3 Rh3+ 41. Kg2 Rh4 42. Kg3 Rf4 43. Re7 Re4 44. Kf3 Bc2 45. Rd7 Rf4+ 46. Ke3 Rf6 47. Rd5 e4 48. Rd2 Bd3 49. Kd4 Rf3 50. b3 Kg5 51. c4 bxc4 52. bxc4 Kf5 53. c5 Rf1 54. Rb2 Rc1 55. Rb8 Bb5 56. Rf8+ Ke6 57. Re8+ Kd7 58. Rxe4 Rc4+ 59. Ke5 Rxe4+ 60. Kxe4 Kc6 61. Kd4 Bf1 0-1


[Site "https://www.chess.com"]

[Event "Titled Tuesday Blitz March 08 Late 2022"]
[White "Prohorov, Olexandr"]
[Black "Martin Barcelo, Carles"]
[WhiteFideId "14105578"]
[BlackFideId "24561444"]
[WhiteElo "1993"]
[BlackElo "1875"]
[Result "0-1"]
[Round "07"]
[TimeControl "180+1"]
[Date "2022.03.09"]
[WhiteClock "0:01:33"]
[BlackClock "0:00:49"]

1. Nf3 Nf6 2. d4 g6 3. Bg5 Bg7 4. e3 O-O 5. Nbd2 c5 6. c3 d6 7. Be2 b6 8. O-O Bb7 9. a4 a6 10. b4 Nbd7 11. Qb3 Qc7 12. Rab1 Ne4 13. Bxe7 Rfe8 14. Bh4 Rac8 15. Rfc1 cxd4 16. cxd4 Qxc1+ 17. Rxc1 Rxc1+ 18. Nf1 Rec8 19. h3 R8c3 20. Qb2 R3c2 21. Qa3 Rc3 22. Qb2 R1c2 0-1


[Site "https://www.chess.com"]

[Event "Titled Tuesday Blitz March 08 Late 2022"]
[White "Qashashvili, Alexandre"]
[Black "Iskusnyh, Sergei"]
[WhiteFideId "13600842"]
[BlackFideId "4120027"]
[WhiteElo "2316"]
[BlackElo "2492"]
[Result "0-1"]
[Round "07"]
[TimeControl "180+1"]
[Date "2022.03.09"]
[WhiteClock "0:00:02"]
[BlackClock "0:00:33"]

1. e4 e6 2. Nc3 d5 3. d4 Nf6 4. e5 Nfd7 5. Nf3 c5 6. dxc5 Nc6 7. Bf4 Nxc5 8. Be2 Be7 9. O-O O-O 10. Nd4 a6 11. a3 Qc7 12. Nxc6 Qxc6 13. Bd3 f5 14. exf6 Bxf6 15. Bd2 Bd7 16. Rb1 e5 17. Qh5 Nxd3 18. cxd3 Be8 19. Qg4 Rd8 20. Bg5 Bg6 21. Bxf6 Qxf6 22. Rbd1 Qf4 23. Qxf4 Rxf4 24. f3 Rd4 25. Rfe1 Rxd3 26. Rxd3 Bxd3 27. Rxe5 d4 28. Rd5 Rxd5 29. Nxd5 Kf7 30. Nf4 Bc4 31. Kf2 g5 32. Ne2 d3 33. Nc3 Ke6 34. Ke3 Ke5 35. Ne4 h6 36. Nf2 Bb5 37. Nxd3+ Kd5 38. g3 Kc4 39. Ne5+ Kb3 40. Nd3 Kc2 41. Nc5 Kxb2 42. Nxb7 Kxa3 43. Nc5 a5 44. Nb7 a4 45. Nc5 Kb4 46. Nxa4 Bxa4 0-1


[Site "https://www.chess.com"]

[Event "Titled Tuesday Blitz March 08 Late 2022"]
[White "Rastbod, Ali"]
[Black "Derige Kane, Yan"]
[WhiteFideId "12567477"]
[BlackFideId "20665431"]
[WhiteElo "2200"]
[BlackElo "2169"]
[Result "1-0"]
[Round "07"]
[TimeControl "180+1"]
[Date "2022.03.09"]
[WhiteClock "0:00:08"]
[BlackClock "0:00:11"]

1. c4 c5 2. Nc3 Nf6 3. g3 d5 4. cxd5 Nxd5 5. Bg2 Nc7 6. Qa4+ Bd7 7. Qb3 Bc6 8. Bxc6+ Nxc6 9. Qxb7 Nd4 10. Qe4 f5 11. Qb1 e6 12. d3 Be7 13. e3 Nc6 14. a3 Na5 15. Qc2 Rb8 16. Bd2 Nb3 17. Rd1 O-O 18. Nf3 Qe8 19. O-O Qh5 20. Kg2 g5 21. Ne5 Qe8 22. Be1 Bf6 23. Nc4 Qc6+ 24. Kg1 g4 25. Ne2 e5 26. Na5 Nxa5 27. Bxa5 Ne6 28. b4 Ng5 29. e4 Be7 30. Qc4+ Kh8 31. Nc3 Qh6 32. h4 gxh3 33. exf5 cxb4 34. Ne4 Nf3+ 35. Kh1 bxa3 36. Qc7 Rbe8 37. Bc3 Qh5 38. Bxe5+ Nxe5 39. Qxe5+ Bf6 40. Qf4 Be5 41. Qe3 Rxf5 42. f4 Bg7 43. Qxa7 Qe2 44. Rd2 Qg4 45. Qxa3 Rd5 46. Qa4 Rd4 47. Qxe8+ Bf8 48. Qxf8+ Qg8 49. Qxg8+ Kxg8 50. Kh2 h5 51. Kxh3 1-0


[Site "https://www.chess.com"]

[Event "Titled Tuesday Blitz March 08 Late 2022"]
[White "Riehle, Marco"]
[Black "Keymer, Vincent"]
[WhiteFideId "12904392"]
[BlackFideId "12940690"]
[WhiteElo "2462"]
[BlackElo "2557"]
[Result "0-1"]
[Round "07"]
[TimeControl "180+1"]
[Date "2022.03.08"]
[WhiteClock "0:00:38"]
[BlackClock "0:00:22"]

1. e4 c5 2. a3 d5 3. exd5 Nf6 4. Nf3 Nxd5 5. c4 Nf6 6. d4 cxd4 7. Qxd4 Bd7 8. Nc3 Nc6 9. Qh4 Bg4 10. Be3 e6 11. Be2 Be7 12. Rd1 Qc8 13. O-O O-O 14. Qg3 Bf5 15. Nd4 Nxd4 16. Bxd4 Bg6 17. h3 Rd8 18. b4 a5 19. c5 axb4 20. axb4 Ra3 21. Be5 Ne4 22. Nd5 Nxg3 23. Nxe7+ Kf8 24. Nxc8 Nxe2+ 25. Kh2 Rxc8 26. Rd7 Be4 0-1


[Site "https://www.chess.com"]

[Event "Titled Tuesday Blitz March 08 Late 2022"]
[White "Risteski, Emil"]
[Black "Miszler, Levente"]
[WhiteFideId "15005267"]
[BlackFideId "763276"]
[WhiteElo "2070"]
[BlackElo "1966"]
[Result "1-0"]
[Round "07"]
[TimeControl "180+1"]
[Date "2022.03.09"]
[WhiteClock "0:00:13"]
[BlackClock "0:00:20"]

1. e4 e6 2. d4 d5 3. e5 c5 4. c3 Nc6 5. Nf3 Bd7 6. Be2 f6 7. Bf4 fxe5 8. Nxe5 Nxe5 9. Bxe5 Nf6 10. O-O Be7 11. Nd2 O-O 12. dxc5 Bxc5 13. Bd3 Bc6 14. Nb3 Bd6 15. Qe2 Qc7 16. Rae1 Rae8 17. Nd4 Bxe5 18. Qxe5 Qxe5 19. Rxe5 Kf7 20. Rfe1 Bd7 21. f3 g6 22. g4 Re7 23. Kg2 Rfe8 24. h4 Bc6 25. Bb5 Nd7 26. R5e2 Nb8 27. f4 a6 28. Bd3 Bd7 29. Kg3 Nc6 30. Nf3 Bc8 31. Bc2 b5 32. a3 a5 33. Rh2 Kg7 34. h5 e5 35. fxe5 Nxe5 36. Nxe5 Rxe5 37. Rxe5 Rxe5 38. hxg6 hxg6 39. Kf4 Re1 40. Rd2 Be6 41. Bb3 Rb1 42. Ke5 Bxg4 43. Bxd5 Bf5 44. Bc6 b4 45. axb4 axb4 46. cxb4 Rc1 47. b5 Bh3 48. Kd6 Bf1 49. b6 Ba6 50. b7 Bxb7 51. Bxb7 g5 52. Bd5 Kf6 53. b4 Rb1 54. Kc5 Kf5 55. b5 g4 56. b6 Kf4 57. b7 Rb2 58. Rxb2 Ke3 59. Kd6 g3 60. b8=Q Kd3 61. Qb3+ Kd4 62. Rd2# 1-0


[Site "https://www.chess.com"]

[Event "Titled Tuesday Blitz March 08 Late 2022"]
[White "Rorrer, Grayson"]
[Black "Kim, Sergey"]
[WhiteFideId "30944996"]
[BlackFideId "13700570"]
[WhiteElo "2122"]
[BlackElo "2553"]
[Result "1-0"]
[Round "07"]
[TimeControl "180+1"]
[Date "2022.03.08"]
[WhiteClock "0:01:01"]
[BlackClock "0:01:14"]

1. e4 e5 2. Nc3 Nf6 3. d4 exd4 4. Qxd4 Nc6 5. Qd3 Bb4 6. Bd2 O-O 7. O-O-O Re8 8. Nge2 d6 9. Bg5 h6 10. Bxf6 Qxf6 11. Nd5 Qd8 12. Nxb4 Nxb4 13. Qd2 Nc6 14. Nc3 Be6 15. f4 a6 16. h3 b5 17. g4 b4 18. Nd5 Bxd5 19. exd5 Ne7 20. g5 hxg5 21. fxg5 Ng6 22. h4 Ne5 23. Be2 a5 24. Rdf1 Qd7 25. h5 Reb8 26. g6 a4 27. gxf7+ Nxf7 28. Bd3 b3 29. a3 bxc2 30. Rhg1 Kh8 31. Qg2 Nh6 32. Qg6 1-0


[Site "https://www.chess.com"]

[Event "Titled Tuesday Blitz March 08 Late 2022"]
[White "Rosen, Eric"]
[Black "Milanovic, Marko"]
[WhiteFideId "2032562"]
[BlackFideId "980129"]
[WhiteElo "2362"]
[BlackElo "2159"]
[Result "0-1"]
[Round "07"]
[TimeControl "180+1"]
[Date "2022.03.08"]
[WhiteClock "0:00:10"]
[BlackClock "0:00:12"]

1. d4 d5 2. Bf4 Nf6 3. e3 c5 4. Nf3 Nc6 5. Nbd2 Qb6 6. dxc5 Qxb2 7. c4 e6 8. Qc1 Qxc1+ 9. Rxc1 Bxc5 10. cxd5 Ba3 11. Rc3 Bb4 12. Rb3 Nxd5 13. Bg3 O-O 14. Bc4 Nb6 15. Bb5 Bxd2+ 16. Nxd2 Bd7 17. Ke2 Nd5 18. Bd3 b6 19. Rc1 Na5 20. Rbb1 Rfc8 21. Be5 Rxc1 22. Rxc1 Rc8 23. Rxc8+ Bxc8 24. Ne4 Nb4 25. Bb1 Ba6+ 26. Kf3 Bd3 27. Bxd3 Nxd3 28. Bb8 Nc6 29. Bd6 f6 30. Nc3 Kf7 31. Ke2 Ndb4 32. a3 Nd5 33. Ne4 e5 34. Kd3 Ke6 35. Bf8 g6 36. a4 Nce7 37. Kc4 a6 38. g4 Nc6 39. Ba3 h6 40. h3 f5 41. Nd2 fxg4 42. hxg4 Nf6 43. f3 e4 44. fxe4 Ne5+ 45. Kd4 Nfxg4 46. Bf8 h5 47. Nf1 h4 48. Bb4 Nc6+ 49. Kc4 Nxb4 50. Kxb4 h3 51. Ng3 h2 52. a5 bxa5+ 53. Kxa5 Nf2 54. Kxa6 h1=Q 55. Nxh1 Nxh1 56. Ka5 g5 57. Kb4 g4 58. Kc3 g3 59. Kd2 g2 60. Ke2 g1=Q 61. Kd3 Nf2+ 62. Ke2 Nxe4 63. Kf3 Ke5 64. Ke2 Qf2+ 65. Kd3 Qd2+ 66. Kc4 Nd6+ 67. Kc5 Qd5+ 68. Kb6 Ke4 69. Kc7 Kxe3 70. Kd8 Nc4+ 71. Kc7 Qd6+ 72. Kb7 Kd4 73. Ka7 Kc5 74. Kb7 Qc6+ 75. Ka7 Qd7+ 76. Ka6 Qa4+ 77. Kb7 Kb5 78. Kc7 Qa6 79. Kd7 Qd6+ 80. Ke8 Qc7 81. Kf8 Kc6 82. Kg8 Kd6 83. Kh8 Ke6 84. Kg8 Kf6 85. Kh8 Qg7# 0-1


[Site "https://www.chess.com"]

[Event "Titled Tuesday Blitz March 08 Late 2022"]
[White "Rostovtsev, Dmitry"]
[Black "Sanal, Vahap"]
[WhiteFideId "34278320"]
[BlackFideId "6300545"]
[WhiteElo "2359"]
[BlackElo "2603"]
[Result "0-1"]
[Round "07"]
[TimeControl "180+1"]
[Date "2022.03.08"]
[WhiteClock "0:00:02"]
[BlackClock "0:01:44"]

1. e4 e5 2. Nf3 Nc6 3. Bb5 a6 4. Ba4 Nf6 5. O-O Nxe4 6. d4 b5 7. Bb3 d5 8. dxe5 Be6 9. Nbd2 Be7 10. Nxe4 dxe4 11. Qxd8+ Rxd8 12. Bxe6 fxe6 13. Ng5 Bxg5 14. Bxg5 Rd5 15. Rfe1 h6 16. Bf4 Rf8 17. Bg3 Rd2 18. Rac1 Nd4 19. Kf1 Nf5 20. Bf4 e3 21. f3 Nh4 22. Bg3 Nxg2 23. Re2 Nf4 24. Rxd2 exd2 25. Rd1 Nd5 26. Ke2 c5 27. Rxd2 c4 28. Rd4 Kd7 29. Rg4 g5 30. h4 Rf5 31. hxg5 hxg5 32. Rd4 Kc6 33. Rd1 b4 34. Rh1 Nf4+ 35. Bxf4 gxf4 36. Rh4 Rxe5+ 37. Kd2 Rd5+ 38. Ke2 e5 39. Rh6+ Kb5 40. Re6 a5 41. b3 c3 42. Ke1 a4 43. Re8 a3 44. Rb8+ Kc5 45. Rc8+ Kd6 46. Rd8+ Kc6 47. Rc8+ Kd7 48. Rb8 Rd4 49. Rb5 Kd6 50. Rb6+ Kc5 51. Re6 Kd5 52. Rb6 Rd2 53. Rxb4 Rxc2 54. Rc4 Rxa2 55. Rxc3 Rb2 56. Rd3+ Ke6 0-1


[Site "https://www.chess.com"]

[Event "Titled Tuesday Blitz March 08 Late 2022"]
[White "Rustemov, Alexander"]
[Black "Kopczynski, Michal"]
[WhiteFideId "4119002"]
[BlackFideId "1124200"]
[WhiteElo "2747"]
[BlackElo "2235"]
[Result "1-0"]
[Round "07"]
[TimeControl "180+1"]
[Date "2022.03.09"]
[WhiteClock "0:01:10"]
[BlackClock "0:00:19"]

1. d4 Nf6 2. c4 g6 3. Nf3 Bg7 4. g3 d6 5. Bg2 O-O 6. Nc3 Nc6 7. O-O Nd7 8. Be3 e5 9. Rc1 h6 10. Qd2 Kh7 11. Rfd1 f5 12. dxe5 Ndxe5 13. Nxe5 Nxe5 14. b3 Ng4 15. Bd4 Qg5 16. f4 Bxd4+ 17. Qxd4 Qf6 18. Nd5 Qxd4+ 19. Rxd4 Rf7 20. h3 Nf6 21. Nxf6+ Rxf6 22. c5 dxc5 23. Rxc5 c6 24. Rd8 Kg7 25. Re5 Rf8 26. Ree8 Rxe8 27. Rxe8 Kf7 28. Rh8 h5 29. Kf2 a5 30. a3 Ke7 31. Ke3 Kd6 32. Rg8 b5 33. Rxg6+ Be6 34. Bxc6 Rb8 35. Kd4 Rb6 36. Bd5 1-0


[Site "https://www.chess.com"]

[Event "Titled Tuesday Blitz March 08 Late 2022"]
[White "Sarkar, Justin"]
[Black "Maranhao,Jose Renato Ruiz"]
[WhiteFideId "2010011"]
[BlackFideId "2135175"]
[WhiteElo "2038"]
[BlackElo "1970"]
[Result "1-0"]
[Round "07"]
[TimeControl "180+1"]
[Date "2022.03.09"]
[WhiteClock "0:00:03"]
[BlackClock "0:00:06"]

1. e4 c6 2. d4 d5 3. Nd2 dxe4 4. Nxe4 Bf5 5. Qf3 Bg6 6. Ne2 Nd7 7. Nf4 Ngf6 8. Nxg6 hxg6 9. c3 Nxe4 10. Qxe4 Nf6 11. Qc2 Qc7 12. g3 e6 13. Bg2 Bd6 14. b4 Ng4 15. h3 Nxf2 16. Kxf2 Bxg3+ 17. Ke2 O-O-O 18. Be3 e5 19. Rad1 exd4 20. Rxd4 Rde8 21. Kd2 Qe5 22. Qd3 Re7 23. Rf1 Rhe8 24. Rf3 f5 25. Kc2 Bh4 26. Bf4 Qe1 27. Bd2 Re2 28. Kb3 Rxd2 29. Qxd2 Qb1+ 30. Ka3 a5 31. Qb2 axb4+ 32. cxb4 Qe4 33. Rxe4 fxe4 34. Re3 b5 35. Rxe4 Kb7 36. Bf3 Ra8+ 37. Kb3 Bf6 38. Re7+ Kb6 39. Qxf6 Ra3+ 40. Kxa3 Ka6 41. Re6 g5 42. Rxc6+ Kb7 43. Rb6+ 1-0


[Site "https://www.chess.com"]

[Event "Titled Tuesday Blitz March 08 Late 2022"]
[White "Senft, Sean"]
[Black "Kaganskiy, Gleb"]
[WhiteFideId "2044960"]
[BlackFideId "4132025"]
[WhiteElo "1881"]
[BlackElo "2165"]
[Result "1-0"]
[Round "07"]
[TimeControl "180+1"]
[Date "2022.03.09"]
[WhiteClock "0:01:10"]
[BlackClock "0:00:30"]

1. d4 d6 2. c4 e5 3. d5 a5 4. Nc3 Na6 5. e4 Nc5 6. f4 exf4 7. Bxf4 g6 8. Nf3 Bg7 9. Bd3 Nf6 10. O-O Nxd3 11. Qxd3 O-O 12. e5 Bf5 13. Qd2 dxe5 14. Bxe5 Ne4 15. Nxe4 Bxe5 16. Nxe5 Bxe4 17. Qd4 Bf5 18. Rf3 f6 19. Ng4 Bxg4 20. Qxg4 Qd6 21. Qd4 b6 22. Raf1 f5 23. Re3 Rae8 24. Rfe1 Kf7 25. Re6 Rxe6 26. Rxe6 Qb4 27. Qe5 Qc5+ 28. Kh1 b5 29. h4 bxc4 30. h5 Rd8 31. Qf6+ Kg8 32. Qxd8+ Kg7 33. Qd7+ Kh6 34. hxg6 hxg6 35. Qf7 Qg1+ 36. Kxg1 Kg5 37. Rxg6+ Kf4 38. Qe6 c3 39. Rf6 Kg4 40. Rxf5 Kg3 41. Qg6+ Kh4 42. Rh5# 1-0


[Site "https://www.chess.com"]

[Event "Titled Tuesday Blitz March 08 Late 2022"]
[White "Sliwicki, Damian"]
[Black "Celestino, Rafael Teixeira"]
[WhiteFideId "1127128"]
[BlackFideId "2108925"]
[WhiteElo "2067"]
[BlackElo "2285"]
[Result "0-1"]
[Round "07"]
[TimeControl "180+1"]
[Date "2022.03.09"]
[WhiteClock "0:00:15"]
[BlackClock "0:00:09"]

1. e4 c5 2. Nf3 Nc6 3. d4 Nxd4 4. Nxd4 cxd4 5. Qxd4 d6 6. Nc3 Nf6 7. Bg5 h6 8. Bxf6 gxf6 9. O-O-O Rg8 10. g3 Qa5 11. Nd5 Bd7 12. Kb1 Rc8 13. Bc4 Qc5 14. Qxc5 Rxc5 15. Bb3 Bg4 16. Rd2 Bf3 17. Re1 h5 18. h4 Rg4 19. Nc3 b5 20. Re3 Bg2 21. Nxb5 Rxe4 22. Rxe4 Bxe4 23. Nxa7 Bh6 24. Re2 Bf3 25. Re1 Bd2 26. Rf1 Be2 27. Rg1 Kd7 28. a4 Rf5 29. Nb5 Rxf2 30. Nd4 Bg4 31. Bxf7 Be3 32. Nb3 e6 33. Re1 Bh6 34. a5 Bf5 35. Nd4 Bd2 36. Bxe6+ Bxe6 37. Rxe6 Rf1+ 38. Ka2 Rd1 39. a6 Kc7 40. a7 Kb7 41. Re7+ Ka8 42. Nc6 Re1 43. Rd7 Re8 44. Kb3 Rc8 45. Rxd6 Be1 46. Kc4 Bxg3 47. Kd5 Bxd6 48. Kxd6 f5 49. b4 f4 50. b5 f3 51. b6 Kb7 52. Na5+ Kxb6 53. Kd7 Ra8 54. Nc4+ Kc5 55. Ne3 Rxa7+ 56. Ke6 f2 57. Ke5 Re7+ 58. Kf4 Rxe3 59. Kxe3 f1=Q 60. Kd2 Qh3 61. Kc1 Qxh4 62. Kb2 Qf2 63. Kb1 Kc4 64. Kb2 Qe2 65. Kb1 Kc3 66. Ka1 Kxc2 67. Ka2 Qa6# 0-1


[Site "https://www.chess.com"]

[Event "Titled Tuesday Blitz March 08 Late 2022"]
[White "Spitzl, Vinzent"]
[Black "Maltsevskaya, Aleksandra"]
[WhiteFideId "12901253"]
[BlackFideId "24174041"]
[WhiteElo "2160"]
[BlackElo "2241"]
[Result "0-1"]
[Round "07"]
[TimeControl "180+1"]
[Date "2022.03.09"]
[WhiteClock "0:00:28"]
[BlackClock "0:01:10"]

1. e4 c5 2. Nf3 e6 3. d4 cxd4 4. Nxd4 Nf6 5. Bd3 Nc6 6. Nxc6 bxc6 7. O-O d5 8. Nc3 Be7 9. Re1 a5 10. Bg5 O-O 11. e5 Nd7 12. Bxe7 Qxe7 13. f4 g6 14. Kh1 Rb8 15. b3 c5 16. f5 exf5 17. Nxd5 Qh4 18. Bc4 Bb7 19. e6 fxe6 20. Nc7 Nf6 21. Nxe6 Ng4 22. Nxf8+ Kh8 23. Qd6 f4 24. Qxf4 Nf2+ 25. Qxf2 Qxf2 26. Re2 Bxg2# 0-1


[Site "https://www.chess.com"]